 Dungeon Crawl Stone Soup version 0.26-a0-154-g3d63440f56 (webtiles) character file.

Game seed: 15419498836753401367

7 Flugslaktarn the Chiller (level 2, 0/13 HPs)
             Began as a Vine Stalker Ice Elementalist on June 30, 2020.
             Slain by a jackal (1 damage)
             ... on level 1 of the Dungeon.
             The game lasted 00:00:38 (114 turns).

Flugslaktarn the Chiller (VSIE)                      Turns: 114, Time: 00:00:38

Health: 0/13       AC:  2    Str: 10    XL:     2   Next: 4%
Magic:  0/6        EV: 12    Int: 15    God:
Gold:   27         SH:  0    Dex: 14    Spells: 5/6 levels left

rFire    . . .     SeeInvis .   h - +0 hand axe
rCold    . . .     Faith    .   (no shield)
rNeg     . . .     Spirit   +   a - +0 robe
rPois    .         Reflect  .   (no helmet)
rElec    .         Harm     .   (no cloak)
rCorr    .                      (no gloves)
MR       .....                  (no boots)
Stlth    ++........             (no amulet)
HPRegen  0.04/turn              (no ring)
MPRegen  0.10/turn              (no ring)

@: no status effects
A: fangs 2, magic shield, antimagic bite, no potion heal 3, rot immunity
a: no special abilities


You were on level 1 of the Dungeon.
You were not hungry.

You visited 1 branch of the dungeon, and saw 1 of its levels.

You collected 27 gold pieces.

Inventory:

Hand Weapons
 e - a +0 dagger
   (You took it off a kobold on level 1 of the Dungeon)
 h - a +0 hand axe (weapon)
   (You found it on level 1 of the Dungeon)
Missiles
 d - 10 poisoned darts (quivered)
Armour
 a - a +0 robe (worn)
Scrolls
 b - a scroll of remove curse {unknown}
 f - a scroll of magic mapping {unknown}
 g - a scroll of fog {unknown}
Comestibles
 c - a ration


   Skills:
 - Level 1.5 Dodging
 - Level 2.4 Stealth
 + Level 2.5 Spellcasting
 + Level 4.2 Ice Magic


You had 5 spell levels left.
You knew the following spells:

 Your Spells              Type           Power        Failure   Level  Hunger
a - Freeze                Ice            ##..         3%          1    #......

Your spell library contained the following spells:

 Spells                   Type           Power        Failure   Level  Hunger
 Frozen Ramparts          Ice            ##....       11%         3    ###....
 Ozocubu's Armour         Chrm/Ice       #.......     26%         3    ###....
 Hailstorm                Conj/Ice       #.......     65%         4    #####..
 Summon Ice Beast         Ice/Summ       #.......     65%         4    #####..


Dungeon Overview and Level Annotations

Branches:
Dungeon (1/15)

Altars:


Innate Abilities, Weirdness & Mutations

You have extremely sharp teeth.
When hurt, damage is shared between your health and your magic reserves.
Your bite disrupts and absorbs the magic of your enemies.
Potions cannot restore your health.
You are immune to rotting.


Message History

You now have 27 gold pieces (gained 5).
A jackal comes into view.
The jackal barks!
You hear a shout!
A jackal comes into view.
Found a dagger.
Casting: Freeze (safe; 3% risk of failure)
Confirm with . or Enter, or press ? or * to list all spells.
Aiming: Freeze (safe; 3% risk of failure)
Press: ? - help, Shift-Dir - straight line, f - rat
Aim: a rat You freeze the rat.
The rat is heavily wounded.
The rat bites you but does no damage.
A jackal comes into view.
The jackal barks! x2
The rat completely misses you. The jackal closely misses you.
You see here a scroll labeled FYT NUUPAESI.
You slash the rat!
You kill the rat!
You hit the jackal. The jackal bites you. The jackal misses you.
You are too injured to fight recklessly!
You are too injured to fight recklessly!
The jackal closely misses you. The jackal bites you.
* * * LOW HITPOINT WARNING * * *
The jackal closely misses you.
Found a stone staircase leading down.
The jackal bites you.
* * * LOW HITPOINT WARNING * * *
The jackal bites you.
* * * LOW HITPOINT WARNING * * *
Casting: Freeze (safe; 3% risk of failure)
Confirm with . or Enter, or press ? or * to list all spells.
Aiming: Freeze (safe; 3% risk of failure)
Press: ? - help, Shift-Dir - straight line, f - jackal
Aim: a jackal You freeze the jackal.
The jackal is almost dead.
The jackal closely misses you. x2
Unknown command.
You closely miss the jackal. You bite the jackal.
You kill the jackal!
You have reached level 2!
You hit the jackal. You closely miss the jackal. The jackal closely misses you.
The jackal misses you. The jackal barely misses you. The jackal bites you.
* * * LOW HITPOINT WARNING * * *
You hit the jackal. Your bite misses the jackal.
The jackal is almost dead.
You hit the jackal. The jackal closely misses you. The jackal misses you.
The jackal bites you.
You die...

..........##....#...
........#.....#.#.##
#######.##......#.##
#.###.......#
########.#.........##
#..........###.......
#..........# #.......
#....h.....##........
#...@†.?...##......##
##.##h...##...##.##..
# ###...#.####.#...
........ ....#.
....)........ #.
........... . ...
........... ...
........... ...
..>.... g≈.


You could see 2 jackals.

Vanquished Creatures
  A dart slug (D:1)
  A jackal (D:1)
  A kobold (D:1)
  2 frilled lizards (D:1)
  A rat (D:1)
6 creatures vanquished.

Notes
Turn   | Place    | Note
-------+----------+-------------------------------------------
     0 | D:1      | Flugslaktarn the Vine Stalker Ice Elementalist began the
                  | quest for the Orb.
     0 | D:1      | Reached XP level 1. HP: 9/9 MP: 4/4
   113 | D:1      | Reached XP level 2. HP: 1/13 MP: 0/6
   114 | D:1      | Slain by a jackal

Illustrated notes

Levels and vault maps discovered:
D:1:      psy_arrival_radial02, layout_rooms

Action                   || total
-------------------------++-------
Melee: Bite              ||     3
       Hand axe          ||     3
       Dagger            ||     2
       Unarmed           ||     1
 Cast: Freeze            ||     7
Armor: Robe              ||     1
Dodge: Dodged            ||    13

Table legend:
 A = Non-vault XP
 B = Vault XP
 C = Vault XP percentage of total XP
 D = Non-vault monster count
 E = Vault monster count
 F = Vault count percentage of total count
                 A         B        C        D         E       F
            +---------+---------+-------+---------+---------+-------
      Total |      11 |       0 |   0.0 |       6 |       0 |   0.0
            +---------+---------+-------+---------+---------+-------
        D:1 |      11 |       0 |   0.0 |       6 |       0 |   0.0
            +---------+---------+-------+---------+---------+-------
